AoeStats
← 381855661

Arabia

510324147Analyzed
1v1 RM · 20h ago on Sep 30, 2026· 81m 49s· 2 players
Game mode
Random Map
Map size
Tiny (2 player)
Population
200
Speed
Normal
Resources
Standard
Victory
Conquest
Starting age
Dark Age
Ending age
Imperial Age
RankedLock teamsTeams togetherTeam positionsShared explorationLock speedFull tech treeHidden civsTurbo modeCheats
Victory
Defeat
🇬🇧 Magyars · United Kingdom
946
+15
🇨🇳 Persians · China
922
-15
381855661
4:59 Loom
10:12 Feudal Age
10:37 Double-Bit Axe
10:33 Horse Collar
18:40 Castle Age
19:22 Bow Saw
20:17 Husbandry
20:28 Bloodlines
23:06 Forging
23:02 Scale Barding Armor
24:00 Gold Mining
24:01 Stone Mining
26:13 Wheelbarrow
25:23 Town Watch
25:42 Heavy Plow
26:18 Gold Shaft Mining
26:19 Stone Shaft Mining
31:06 Stone Shaft Mining
30:48 Hand Cart
30:57 Chain Barding Armor
31:12 Iron Casting
30:27 Fletching
30:46 Crossbowman
32:31 Iron Casting
33:28 Murder Holes
37:15 Imperial Age
35:15 Town Patrol
36:00 Padded Archer Armor
36:22 Ballistics
36:13 Masonry
36:06 Kamandaran
37:24 Squires
37:10 Gambesons
37:32 Thumb Ring
38:48 Two-Man Saw
38:19 Crop Rotation
38:43 Architecture
39:15 Chemistry
38:54 Plate Barding Armor
39:19 Blast Furnace
38:34 Leather Archer Armor
38:15 Bodkin Arrow
39:26 Conscription
38:45 Heavy Camel Rider
38:47 Cavalier
40:27 Hoardings
39:17 Light Cavalry
41:17 Guilds
41:04 Hussar
41:04 Savar
43:31 Citadels
43:58 Ring Archer Armor
43:31 Scale Mail Armor
46:57 Elite War Elephant
48:05 Guard Tower
Green
11:21 Feudal Age
9:45 Loom
16:11 Castle Age
16:30 Stone Mining
16:43 Double-Bit Axe
19:18 Scale Barding Armor
19:33 Bow Saw
21:15 Horse Collar
29:28 Fletching
29:59 Chain Barding Armor
29:43 Heavy Plow
31:56 Wheelbarrow
32:01 Town Watch
37:53 Imperial Age
36:29 Bodkin Arrow
36:36 Padded Archer Armor
37:13 Corvinian Army
37:37 Hand Cart
37:43 Hand Cart
38:20 Bloodlines
38:11 Husbandry
38:44 Scale Mail Armor
39:03 Leather Archer Armor
39:58 Ballistics
40:47 Chemistry
40:00 Masonry
40:46 Thumb Ring
41:34 Parthian Tactics
41:54 Conscription
41:41 Heavy Cavalry Archer
44:21 Bracer
45:52 Ring Archer Armor
45:58 Plate Barding Armor
45:44 Town Patrol
46:23 Elite Magyar Huszar
66:53 Two-Man Saw
Connection lost

Rejoining the realm…

Still unreachable

The connection could not be restored.

Session expired

The server has moved on; the page needs a fresh start.